Map: 2000 atmosfer ER

Players

SI 1 (Bardzo łatwa)

  • Race: Protoss Protoss

Krystianer - Winner!

  • Race: Protoss Protoss
  • League: Master

VOD

Have the link to the VOD?

Description

Time

  • Played on: Feb. 18, 2022, 8:47 p.m.
  • Length: 9:10
Show
View Real Time Build Order
Export as new Build Order

SI 1 (Bardzo łatwa) Protoss 

Build Orders: 1 Gate Expand, Nexus First 

Get SALT Encoding   

  12  0:00  Probe  
  13  0:13  Probe  
  14  0:19  Pylon  
  14  0:43  Gateway  
  14  1:00  Nexus  
  14  1:19  Pylon  
  14  1:22  Assimilator  
  14  1:24  Zealot  
  14  1:37  Cybernetics Core, Probe  
  17  1:50  Probe  
  18  2:00  Probe  
  18  2:02  Assimilator  
  18  2:06  Stalker  
  18  2:08  Probe  
  19  2:15  Warp Gate  
  22  2:17  Probe  
  23  2:23  Probe  
  24  2:31  Probe  
  25  2:38  Probe  
  26  2:56  Probe  
  27  2:58  Assimilator  
  27  3:02  Pylon  
  27  3:03  Probe  
  25  3:11  Probe  
  23  3:14  Adept  
  23  3:17  Robotics Facility  
  23  3:18  Probe  
  26  3:33  Probe  
  27  3:40  Probe  
  21  3:52  Stalker, Probe  
  21  3:59  Probe  
  21  4:01  Observer  
  22  4:06  Probe  
  24  4:13  Probe  
  24  4:16  Probe  
  26  4:27  Probe  
  27  4:32  Probe  
  27  4:35  Assimilator  
  28  4:42  Probe  
  27  4:49  Probe  
  28  4:56  Probe  
  29  5:02  Sentry  
  29  5:04  Probe  
  32  5:11  Probe  
  32  5:12  Observer  
  33  5:18  Probe  
  35  5:25  Probe  
  36  5:32  Probe  
  37  5:39  Probe  
  38  5:46  Probe  
  34  5:54  Probe  
  35  6:01  Probe  
  36  6:08  Probe  
  37  6:13  Probe  
  38  6:20  Probe  
  39  6:26  Probe  
  40  6:33  Probe  
  41  6:44  Probe  
  42  6:51  Probe  
  43  6:58  Probe  
  44  7:06  Probe  
  45  7:13  Probe  
  46  7:20  Probe  
  47  7:23  Pylon, Probe  
  48  7:30  Probe  
  49  7:40  Probe  
  50  7:47  Probe  
  51  7:56  Probe  
  52  8:31  Stalker  
  46  8:41  Pylon  
  46  8:47  Nexus  
  37  9:00  Stalker  
Show
View Real Time Build Order
Export as new Build Order

Krystianer Protoss - Winner!

Build Orders: Oracle Opening 

Get SALT Encoding   

  12  0:00  Probe  
  13  0:12  Probe  
  14  0:17  Pylon  
  14  0:24  Probe (Chrono Boost)  
  16  0:36  Probe (Chrono Boost)  
  16  0:38  Gateway  
  16  0:43  Probe (Chrono Boost)  
  16  0:46  Assimilator  
  17  0:51  Probe  
  18  0:58  Assimilator  
  18  1:03  Probe (Chrono Boost)  
  19  1:13  Probe (Chrono Boost)  
  19  1:15  Gateway  
  19  1:18  Probe (Chrono Boost)  
  20  1:25  Cybernetics Core  
  21  1:29  Probe  
  22  1:34  Pylon  
  22  1:41  Probe  
  23  1:53  Probe  
  24  2:02  Warp Gate, Adept x2  
  24  2:05  Probe  
  29  2:12  Pylon  
  29  2:17  Stargate  
  29  2:20  Probe  
  30  2:32  Adept x2  
  34  2:55  Nexus  
  34  3:04  Oracle (Chrono Boost)  
  37  3:14  Pylon  
  37  3:15  Probe  
  38  3:22  Shield Battery  
  38  3:27  Void Ray (Chrono Boost), Probe  
  39  3:40  Probe  
  44  3:53  Probe  
  45  3:58  Void Ray (Chrono Boost)  
  45  4:06  Probe (Chrono Boost)  
  45  4:08  Probe (Chrono Boost)  
  51  4:12  Assimilator  
  51  4:14  Assimilator  
  51  4:20  Probe (Chrono Boost)  
  51  4:22  Stargate  
  51  4:23  Probe (Chrono Boost)  
  53  4:27  Probe (Chrono Boost)  
  53  4:30  Probe (Chrono Boost)  
  55  4:34  Probe  
  56  4:41  Pylon  
  56  4:42  Probe  
  56  4:44  Void Ray (Chrono Boost)  
  57  4:46  Probe  
  62  4:56  Pylon  
  62  4:58  Pylon  
  62  4:59  Probe  
  63  5:01  Probe  
  63  5:02  Void Ray (Chrono Boost)  
  64  5:11  Probe  
  64  5:13  Probe  
  70  5:17  Pylon  
  70  5:24  Void Ray (Chrono Boost)  
  70  5:27  Probe  
  79  5:35  Void Ray (Chrono Boost)  
  79  5:38  Probe  
  79  5:40  Probe  
  81  5:48  Void Ray (Chrono Boost)  
  81  5:51  Probe  
  86  6:03  Nexus  
  86  6:06  Pylon  
  86  6:09  Probe  
  86  6:10  Void Ray (Chrono Boost), Probe  
  88  6:13  Protoss Air Weapons Level 1  
  92  6:21  Probe  
  92  6:22  Probe  
  94  6:29  Fleet Beacon  
  94  6:38  Void Ray (Chrono Boost)  
  98  6:41  Probe x2  
  98  6:43  Shield Battery  
  100  6:47  Forge  
  100  6:49  Pylon  
  100  6:59  Probe x2  
  102  7:05  Void Ray (Chrono Boost)  
  102  7:07  Assimilator  
  106  7:09  Stargate  
  106  7:11  Assimilator  
  106  7:14  Probe x2  
  109  7:15  Probe  
  109  7:22  Void Ray (Chrono Boost)  
  113  7:26  Flux Vanes  
  113  7:29  Photon Cannon  
  113  7:32  Probe x3  
  116  7:43  Void Ray (Chrono Boost)  
  121  7:49  Pylon, Void Ray (Chrono Boost)  
  121  7:50  Pylon  
  124  8:01  Void Ray  
  124  8:04  Pylon  
  124  8:06  Probe  
  129  8:20  Void Ray (Chrono Boost)  
  129  8:21  Pylon  
  129  8:24  Void Ray (Chrono Boost)  
  137  8:31  Photon Cannon  
  137  8:32  Photon Cannon  
  137  8:35  Photon Cannon  
  141  8:56  Nexus  
  141  8:58  Pylon  
  141  9:00  Pylon  
  145  9:07  Photon Cannon  
  148  9:09  Photon Cannon  
Tags
 
Add a new tag
Caveats
  • Supply blocks, unpowered buildings, or Contaminate may cause inaccurate times.
  • Supply counts are checked every 10 seconds.